Detroit Red Wings vs Philadelphia Flyers
Created - Tuesday, October 10, 2023 at 07:38
Goals
|
| Detroit Red Wings |
1 |
1 |
0 |
0 |
0 |
2 |
| Philadelphia Flyers |
0 |
1 |
1 |
0 |
1 |
3 |
|
Shots
|
| Detroit Red Wings |
11 |
18 |
9 |
2 |
3 |
40 |
| Philadelphia Flyers |
9 |
9 |
8 |
1 |
2 |
27 |
|
1st period
1. Detroit Red Wings , Steven Stamkos 19 (Patrick Kane 17) at 3:26 (PP)
Penalties :
Tyler Johnson (PHI) for Interference (Minor) at 3:01
2nd period
2. Philadelphia Flyers , Bryan Rust 6 (Matt Duchene 10, Auston Matthews 15) at 13:54
3. Detroit Red Wings , Mika Zibanejad 18 (Matthew Boldy 18, Carter Verhaeghe 18) at 19:11
Penalties :
Carter Verhaeghe (DET) for Interference (Minor) at 16:34
3rd period
4. Philadelphia Flyers , Matt Duchene 9 (Auston Matthews 16, Bryan Rust 8) at 13:37
Penalties :
Kevin Shattenkirk (DET) for Tripping (Minor) at 2:11, Jack McBain (PHI) for Tripping (Minor) at 10:28, Kevin Shattenkirk (DET) for Hooking (Minor) at 19:20
Overtime #1
No Goal
Penalties :
No Penalty
Shootout
Detroit Red Wings, Mika Zibanejad - Stopped by Connor Ingram
Philadelphia Flyers, Auston Matthews - Stopped by Vitek Vanecek
Detroit Red Wings, Steven Stamkos - Stopped by Connor Ingram
Philadelphia Flyers, Matt Duchene - Goal!
Detroit Red Wings, Matthew Boldy - Shot Misses the Net
Penalties :
No Penalty
Goalie Stats
Vitek Vanecek (DET), 25 saves from 27 shots - (0.926), OTL, 5-4-2, 65:00 minutes
Connor Ingram (PHI), 38 saves from 40 shots - (0.950), W, 9-13-2, 65:00 minutes
Players Stats for Detroit Red Wings
Player Name G A P +/- PIM S H SB GA TA FO MP PP MP PK MP
------------------------------------------------------------------------------------
Arthur Kaliyev 0 0 0 0 0 4 1 0 0 0 0/1 9:04 0:00 0:00
Brock Nelson 0 0 0 0 0 1 2 0 0 1 2/6 14:45 0:00 2:58
Carter Verhaeghe 0 1 1 0 2 3 1 2 0 3 0/1 17:20 1:16 0:00
Daniel Sprong 0 0 0 0 0 2 2 0 0 0 0/0 12:01 0:00 0:00
Jared McCann 0 0 0 -1 0 2 2 0 0 3 1/3 19:06 1:08 0:00
Jonathan Huberdeau 0 0 0 0 0 1 1 1 0 0 0/0 11:29 0:00 0:00
Josh Bailey 0 0 0 0 0 1 0 0 1 0 0/1 11:11 0:00 2:20
Kevin Shattenkirk 0 0 0 -1 4 4 1 2 0 0 0/0 27:18 1:09 0:49
MacKenzie Weegar 0 0 0 -1 0 1 0 5 0 0 0/0 28:29 1:09 3:08
Matthew Boldy 0 1 1 0 0 4 1 0 0 1 1/1 16:54 1:16 0:00
Michael Del Zotto 0 0 0 0 0 0 1 0 0 1 0/0 22:08 1:15 1:12
Mika Zibanejad 1 0 1 0 0 3 1 2 1 0 7/20 20:18 1:16 2:56
Patrick Kane 0 1 1 -1 0 6 1 0 1 0 2/3 19:06 1:08 0:00
Philippe Myers 0 0 0 0 0 1 3 1 0 0 0/0 17:10 0:00 3:56
Sean Couturier 0 0 0 0 0 3 2 1 0 2 2/4 12:12 0:00 2:20
Shayne Gostisbehere 0 0 0 0 0 3 0 1 0 1 0/0 22:05 1:15 2:10
Steven Stamkos 1 0 1 -1 0 1 2 0 4 0 17/25 20:18 1:08 0:00
Zach Bogosian 0 0 0 0 0 0 2 1 0 0 0/0 13:06 0:00 0:39
Players Stats for Philadelphia Flyers
Player Name G A P +/- PIM S H SB GA TA FO MP PP MP PK MP
------------------------------------------------------------------------------------
Artem Zub 0 0 0 0 0 0 2 0 0 0 0/0 21:36 0:00 1:23
Auston Matthews 0 2 2 2 0 4 1 0 0 0 6/16 17:15 2:19 0:00
Ben Chiarot 0 0 0 0 0 2 1 2 0 1 0/0 21:17 0:00 1:01
Bryan Rust 1 1 2 2 0 2 0 0 2 1 0/0 13:46 0:00 0:52
Elias Lindholm 0 0 0 0 0 2 1 0 2 1 10/15 18:40 2:18 1:29
Erik Gustafsson 0 0 0 2 0 0 1 3 0 0 0/0 19:03 2:43 0:00
Jack McBain 0 0 0 0 2 1 1 0 0 0 0/2 14:44 0:00 0:11
Jesper Fast 0 0 0 -1 0 0 1 0 0 1 0/0 13:59 0:00 0:00
Justin Faulk 0 0 0 -1 0 2 0 6 0 1 0/0 24:21 1:54 1:01
Marcus Johansson 0 0 0 -1 0 1 0 0 1 0 1/1 17:44 2:18 0:44
Matt Duchene 1 1 2 2 0 4 1 0 1 0 0/1 17:19 2:19 0:00
Matt Roy 0 0 0 2 0 1 0 2 0 1 0/0 20:26 2:43 1:23
Max Pacioretty 0 0 0 0 0 1 1 1 1 0 0/0 16:58 2:19 0:00
Nathan Bastian 0 0 0 0 0 1 2 1 0 0 0/0 12:49 0:00 0:00
Oliver Ekman-Larsson 0 0 0 -1 0 0 3 0 0 0 0/0 23:17 1:54 0:00
Radek Faksa 0 0 0 0 0 5 1 0 0 0 10/15 14:48 0:00 1:32
Tyler Johnson 0 0 0 -1 2 1 1 1 2 1 5/14 14:15 0:00 0:00
Vladimir Tarasenko 0 0 0 0 0 0 1 0 3 0 1/1 15:17 2:18 0:00
3 Stars
1 - Matt Duchene (PHI)
2 - Bryan Rust (PHI)
3 - Connor Ingram (PHI)
Power Play
Detroit Red Wings - 1 on 2 Attempt(s) - 50.00%
Philadelphia Flyers - 0 on 3 Attempt(s) - 0.00%
Penalty Kill
Detroit Red Wings - 3 on 3 Attempt(s) - 100.00%
- Score 0 goal in Penalty Kill
Philadelphia Flyers - 1 on 2 Attempt(s) - 50.00%
- Score 0 goal in Penalty Kill
Team Stat
Detroit Red Wings - Hits : 23 - Faceoff Wins : 32 - Blocked Shots : 16 - Penalty Minutes : 6
Philadelphia Flyers - Hits : 18 - Faceoff Wins : 33 - Blocked Shots : 16 - Penalty Minutes : 4
Official
Referees : Dean Morton and Graham Skiliter
Linesman : Brad Kovachik and Shandor Alphonso
Game Notes
No Game Note
Finance
Level 1 -- Attendance: 4359 (72.65%) -- Ticket Income $422,823
Level 2 -- Attendance: 4858 (97.16%) -- Ticket Income $276,906
Level 3 -- Attendance: 2709 (90.30%) -- Ticket Income $92,106
Level 4 -- Attendance: 4452 (89.04%) -- Ticket Income $102,396
Luxury Box -- Attendance: 972 (97.20%) -- Ticket Income $189,540
Game was played at the Wells Fargo Center.
Total Attendance: 17350 (86.75%)
Total Ticket Income: $1,083,771
Other Income: $379,320
Total Income: $1,463,091
Detroit Red Wings
5 vs 5 Forward
Center Left Wing Right Wing Time % Phy DF OF
1 Steven Stamkos Jared McCann Patrick Kane 40 1 0 4
2 Mika Zibanejad Carter Verhaeghe Matthew Boldy 30 1 2 2
3 Brock Nelson Jonathan Huberdeau Daniel Sprong 20 2 2 1
4 Sean Couturier Josh Bailey Arthur Kaliyev 10 2 2 1
5 vs 5 Defense
Defense Defense Time % Phy DF OF
1 Kevin Shattenkirk MacKenzie Weegar 40 1 2 2
2 Michael Del Zotto Shayne Gostisbehere 30 1 2 2
3 Philippe Myers Zach Bogosian 20 3 1 1
4 Kevin Shattenkirk MacKenzie Weegar 10 1 2 2
PowerPlay Forward
Center Left Wing Right Wing Time % Phy DF OF
1 Mika Zibanejad Carter Verhaeghe Matthew Boldy 50 1 2 2
2 Steven Stamkos Jared McCann Patrick Kane 50 1 0 4
PowerPlay Defense
Defense Defense Time % Phy DF OF
1 Kevin Shattenkirk MacKenzie Weegar 50 1 2 2
2 Shayne Gostisbehere Michael Del Zotto 50 1 2 2
Penalty Kill 4 Players Forward
Center Wing Time % Phy DF OF
1 Mika Zibanejad Brock Nelson 50 1 2 2
2 Sean Couturier Josh Bailey 50 2 2 1
Penalty Kill 4 Players Defense
Defense Defense Time % Phy DF OF
1 Kevin Shattenkirk MacKenzie Weegar 50 1 2 2
2 Philippe Myers Shayne Gostisbehere 50 2 2 1
Penalty Kill - 3 Players Forward
Forward Time % Phy DF OF
1 Mika Zibanejad 50 1 2 2
2 Brock Nelson 50 1 2 2
Penalty Kill - 3 Players Defense
Defense Defense Time % Phy DF OF
1 Kevin Shattenkirk MacKenzie Weegar 50 1 2 2
2 Philippe Myers Shayne Gostisbehere 50 2 2 1
4 vs 4 Forward
Center Wing Time % Phy DF OF
1 Mika Zibanejad Carter Verhaeghe 60 1 2 2
2 Steven Stamkos Matthew Boldy 40 1 1 3
4 vs 4 Defense
Defense Defense Time % Phy DF OF
1 Kevin Shattenkirk MacKenzie Weegar 60 1 2 2
2 Shayne Gostisbehere Michael Del Zotto 40 1 2 2
Last Minutes Offensive
Center Left Wing Right Wing Defense Defense
Steven Stamkos Mika Zibanejad Matthew Boldy Kevin Shattenkirk MacKenzie Weegar
Last Minutes Defensive
Center Left Wing Right Wing Defense Defense
Sean Couturier Mika Zibanejad Jared McCann Kevin Shattenkirk MacKenzie Weegar
Goaltenders
Starting : Vitek Vanecek
Backup : Laurent Brossoit
Extra Forwards
Normal : Sean Couturier, Daniel Sprong, Arthur Kaliyev - PP : Josh Bailey, Arthur Kaliyev - PK : Jared McCann
Extra Defensemen
Normal : Philippe Myers, Michael Del Zotto, Kevin Shattenkirk - PP : Michael Del Zotto - PK : Philippe Myers, Michael Del Zotto
Penalty Shots
Mika Zibanejad, Steven Stamkos, Matthew Boldy, Carter Verhaeghe, Jared McCann
Philadelphia Flyers
5 vs 5 Forward
Center Left Wing Right Wing Time % Phy DF OF
1 Auston Matthews Matt Duchene Bryan Rust 25 0 2 3
2 Elias Lindholm Max Pacioretty Nathan Bastian 25 0 2 3
3 Radek Faksa Jack McBain Vladimir Tarasenko 25 0 2 3
4 Tyler Johnson Jesper Fast Marcus Johansson 25 0 2 3
5 vs 5 Defense
Defense Defense Time % Phy DF OF
1 Justin Faulk Ben Chiarot 35 1 2 2
2 Oliver Ekman-Larsson Artem Zub 35 1 2 2
3 Erik Gustafsson Matt Roy 30 1 2 2
4 Justin Faulk Ben Chiarot 0 1 2 2
PowerPlay Forward
Center Left Wing Right Wing Time % Phy DF OF
1 Auston Matthews Max Pacioretty Matt Duchene 50 0 1 4
2 Elias Lindholm Marcus Johansson Vladimir Tarasenko 50 0 1 4
PowerPlay Defense
Defense Defense Time % Phy DF OF
1 Justin Faulk Oliver Ekman-Larsson 50 0 2 3
2 Erik Gustafsson Matt Roy 50 0 2 3
Penalty Kill 4 Players Forward
Center Wing Time % Phy DF OF
1 Radek Faksa Jack McBain 50 0 4 1
2 Elias Lindholm Bryan Rust 50 0 4 1
Penalty Kill 4 Players Defense
Defense Defense Time % Phy DF OF
1 Justin Faulk Ben Chiarot 50 0 5 0
2 Artem Zub Matt Roy 50 0 5 0
Penalty Kill - 3 Players Forward
Forward Time % Phy DF OF
1 Radek Faksa 50 0 5 0
2 Jack McBain 50 0 5 0
Penalty Kill - 3 Players Defense
Defense Defense Time % Phy DF OF
1 Justin Faulk Ben Chiarot 50 0 5 0
2 Artem Zub Matt Roy 50 0 5 0
4 vs 4 Forward
Center Wing Time % Phy DF OF
1 Auston Matthews Matt Duchene 50 0 2 3
2 Elias Lindholm Max Pacioretty 50 0 3 2
4 vs 4 Defense
Defense Defense Time % Phy DF OF
1 Justin Faulk Ben Chiarot 50 0 3 2
2 Oliver Ekman-Larsson Artem Zub 50 0 3 2
Last Minutes Offensive
Center Left Wing Right Wing Defense Defense
Auston Matthews Max Pacioretty Matt Duchene Justin Faulk Oliver Ekman-Larsson
Last Minutes Defensive
Center Left Wing Right Wing Defense Defense
Elias Lindholm Radek Faksa Jack McBain Ben Chiarot Matt Roy
Goaltenders
Starting : Connor Ingram
Backup : Jake Allen
Extra Forwards
Normal : Auston Matthews, Elias Lindholm, Matt Duchene - PP : Auston Matthews, Elias Lindholm - PK : Elias Lindholm
Extra Defensemen
Normal : Justin Faulk, Oliver Ekman-Larsson, Erik Gustafsson - PP : Justin Faulk - PK : Ben Chiarot, Matt Roy
Penalty Shots
Auston Matthews, Matt Duchene, Max Pacioretty, Elias Lindholm, Vladimir Tarasenko
% Time on Ice - Detroit Red Wings
Lines # - Real PCT - Wanted PCT - Time Play
Normal Forward
1 - 34% - 40% - 18:13
2 - 27% - 30% - 14:28
3 - 22% - 20% - 11:29
4 - 17% - 10% - 8:49
Normal Defense
1 - 39% - 40% - 20:45
2 - 34% - 30% - 17:52
3 - 21% - 20% - 11:22
4 - 6% - 10% - 3:00
PP Forward
1 - 53% - 50% - 1:16
2 - 47% - 50% - 1:08
PP Defense
1 - 48% - 50% - 1:09
2 - 52% - 50% - 1:15
PK Forward
1 - 49% - 50% - 2:17
2 - 51% - 50% - 2:20
PK Defense
1 - 61% - 50% - 2:48
2 - 39% - 50% - 1:49
PK3 Forward
1 - 49% - 50% - 0:39
2 - 51% - 50% - 0:41
PK3 Defense
1 - 74% - 50% - 0:59
2 - 26% - 50% - 0:21
44 Forward
1 - 66% - 60% - 2:25
2 - 34% - 40% - 1:15
44 Defense
1 - 70% - 60% - 2:33
2 - 30% - 40% - 1:07
Last Minute Offensive - 0:00
Last Minute Defensive - 0:00
Total
Forward - 65:00
Defense - 65:00
|
% Time on Ice - Philadelphia Flyers
Lines # - Real PCT - Wanted PCT - Time Play
Normal Forward
1 - 24% - 25% - 12:55
2 - 24% - 25% - 12:49
3 - 25% - 25% - 13:16
4 - 26% - 25% - 13:59
Normal Defense
1 - 35% - 35% - 18:29
2 - 35% - 35% - 18:18
3 - 30% - 30% - 15:50
4 - 1% - 0% - 0:22
PP Forward
1 - 50% - 50% - 2:19
2 - 50% - 50% - 2:18
PP Defense
1 - 41% - 50% - 1:54
2 - 59% - 50% - 2:43
PK Forward
1 - 64% - 50% - 1:32
2 - 36% - 50% - 0:52
PK Defense
1 - 42% - 50% - 1:01
2 - 58% - 50% - 1:23
PK3 Forward
1 - 0% - 50%
2 - 0% - 50%
PK3 Defense
1 - 0% - 50%
2 - 0% - 50%
44 Forward
1 - 56% - 50% - 2:49
2 - 44% - 50% - 2:11
44 Defense
1 - 62% - 50% - 3:05
2 - 38% - 50% - 1:55
Last Minute Offensive - 0:00
Last Minute Defensive - 0:00
Total
Forward - 65:00
Defense - 65:00
|
Play-by-Play
1st period
0:01 of 1st period - Steven Stamkos wins face-off versus Auston Matthews in neutral zone.
0:58 of 1st period - Slapshot by Jonathan Huberdeau.
0:58 of 1st period - Shot Blocked by Justin Faulk.
1:13 of 1st period - Wrist shot by Radek Faksa.
1:13 of 1st period - Shot Hit the Post.
1:32 of 1st period - Zach Bogosian is hit by Oliver Ekman-Larsson.
1:57 of 1st period - Bryan Rust is hit by Jonathan Huberdeau and loses puck.
2:08 of 1st period - Mika Zibanejad is hit by Nathan Bastian and loses puck.
2:17 of 1st period - Wrist shot by Kevin Shattenkirk.
2:17 of 1st period - Stopped by Connor Ingram without a rebound.
2:18 of 1st period - Steven Stamkos wins face-off versus Tyler Johnson in Philadelphia Flyers zone.
2:25 of 1st period - Wrist shot by Steven Stamkos.
2:25 of 1st period - Shot Misses the Net.
2:27 of 1st period - Backhand shot by Shayne Gostisbehere.
2:27 of 1st period - Stopped by Connor Ingram with a rebound.
2:29 of 1st period - Slapshot by Shayne Gostisbehere.
2:29 of 1st period - Stopped by Connor Ingram without a rebound.
2:30 of 1st period - Steven Stamkos wins face-off versus Tyler Johnson in Philadelphia Flyers zone.
2:35 of 1st period - Wrist shot by Patrick Kane.
2:35 of 1st period - Shot Misses the Net.
2:38 of 1st period - Icing by Matt Roy.
2:39 of 1st period - Tyler Johnson wins face-off versus Steven Stamkos in Philadelphia Flyers zone.
3:01 of 1st period - Minor Penalty to Tyler Johnson for Interference.
3:02 of 1st period - Radek Faksa wins face-off versus Mika Zibanejad in Philadelphia Flyers zone.
3:15 of 1st period - Snap shot by Mika Zibanejad.
3:15 of 1st period - Shot Misses the Net.
3:17 of 1st period - Wrist shot by MacKenzie Weegar.
3:17 of 1st period - Deflect By Matthew Boldy.
3:17 of 1st period - Shot Blocked by Ben Chiarot.
3:17 of 1st period - Puck is out of play.
3:18 of 1st period - Steven Stamkos wins face-off versus Radek Faksa in Philadelphia Flyers zone.
3:26 of 1st period - Snap shot by Steven Stamkos.
3:26 of 1st period - Goal by Steven Stamkos - Detroit Red Wings : 1 - Philadelphia Flyers : 0.
3:27 of 1st period - Elias Lindholm wins face-off versus Mika Zibanejad in neutral zone.
3:35 of 1st period - Icing by Nathan Bastian.
3:36 of 1st period - Elias Lindholm wins face-off versus Mika Zibanejad in Philadelphia Flyers zone.
3:43 of 1st period - Snap shot by Max Pacioretty.
3:43 of 1st period - Shot Misses the Net.
3:45 of 1st period - Snap shot by Nathan Bastian.
3:45 of 1st period - Stopped by Vitek Vanecek without a rebound.
3:46 of 1st period - Radek Faksa wins face-off versus Steven Stamkos in Detroit Red Wings zone.
3:47 of 1st period - Wrist shot by Vladimir Tarasenko.
3:47 of 1st period - Deflect By Radek Faksa.
3:47 of 1st period - Shot Misses the Net.
3:47 of 1st period - Puck is out of play.
3:48 of 1st period - Radek Faksa wins face-off versus Steven Stamkos in Detroit Red Wings zone.
4:03 of 1st period - Snap shot by Vladimir Tarasenko.
4:03 of 1st period - Deflect By Radek Faksa.
4:03 of 1st period - Stopped by Vitek Vanecek with a rebound.
4:13 of 1st period - Bryan Rust is hit by Daniel Sprong and loses puck.
4:22 of 1st period - Snap shot by Bryan Rust.
4:22 of 1st period - Shot Misses the Net.
4:38 of 1st period - Wrist shot by Matthew Boldy.
4:38 of 1st period - Shot Misses the Net.
4:40 of 1st period - Backhand shot by Mika Zibanejad.
4:40 of 1st period - Shot Misses the Net.
4:42 of 1st period - Slapshot by Shayne Gostisbehere.
4:42 of 1st period - Shot Misses the Net.
4:44 of 1st period - Snap shot by Mika Zibanejad.
4:44 of 1st period - Shot Blocked by Justin Faulk.
4:46 of 1st period - Slapshot by Shayne Gostisbehere.
4:46 of 1st period - Stopped by Connor Ingram without a rebound.
4:47 of 1st period - Sean Couturier wins face-off versus Jack McBain in Philadelphia Flyers zone.
5:36 of 1st period - Wrist shot by Mika Zibanejad.
5:36 of 1st period - Shot Blocked by Erik Gustafsson.
5:56 of 1st period - Justin Faulk is hit by Brock Nelson.
6:38 of 1st period - Auston Matthews is hit by Zach Bogosian and loses puck.
7:07 of 1st period - Snap shot by Matthew Boldy.
7:07 of 1st period - Shot Blocked by Justin Faulk.
7:09 of 1st period - Slapshot by Matthew Boldy.
7:09 of 1st period - Shot Misses the Net.
7:11 of 1st period - Snap shot by Carter Verhaeghe.
7:11 of 1st period - Deflect By Justin Faulk.
7:11 of 1st period - Shot Blocked by Justin Faulk.
7:11 of 1st period - Puck is out of play.
7:12 of 1st period - Elias Lindholm wins face-off versus Mika Zibanejad in Philadelphia Flyers zone.
7:30 of 1st period - Off-side.
7:31 of 1st period - Jared McCann wins face-off versus Tyler Johnson in neutral zone.
8:05 of 1st period - Snap shot by Jack McBain.
8:05 of 1st period - Shot Blocked by MacKenzie Weegar.
8:07 of 1st period - Slapshot by Matt Roy.
8:07 of 1st period - Stopped by Vitek Vanecek with a rebound.
8:11 of 1st period - Wrist shot by Jack McBain.
8:11 of 1st period - Shot Misses the Net.
9:09 of 1st period - Off-side.
9:10 of 1st period - Marcus Johansson wins face-off versus Steven Stamkos in neutral zone.
9:19 of 1st period - Snap shot by Tyler Johnson.
9:19 of 1st period - Shot Blocked by Philippe Myers.
9:25 of 1st period - Slapshot by Steven Stamkos.
9:25 of 1st period - Shot Misses the Net.
9:27 of 1st period - Wrist shot by Philippe Myers.
9:27 of 1st period - Stopped by Connor Ingram without a rebound.
9:28 of 1st period - Radek Faksa wins face-off versus Mika Zibanejad in Philadelphia Flyers zone.
10:32 of 1st period - Snap shot by Matthew Boldy.
10:32 of 1st period - Stopped by Connor Ingram with a rebound.
10:40 of 1st period - Snap shot by Matt Duchene.
10:40 of 1st period - Stopped by Vitek Vanecek with a rebound.
10:46 of 1st period - Wrist shot by Auston Matthews.
10:46 of 1st period - Stopped by Vitek Vanecek with a rebound.
10:48 of 1st period - Slapshot by Artem Zub.
10:48 of 1st period - Shot Misses the Net.
10:56 of 1st period - Slapshot by Matt Duchene.
10:56 of 1st period - Stopped by Vitek Vanecek with a rebound.
11:00 of 1st period - Slapshot by Bryan Rust.
11:00 of 1st period - Stopped by Vitek Vanecek with a rebound.
11:20 of 1st period - Snap shot by Matthew Boldy.
11:20 of 1st period - Stopped by Connor Ingram without a rebound.
11:21 of 1st period - Steven Stamkos wins face-off versus Radek Faksa in Philadelphia Flyers zone.
11:24 of 1st period - Snap shot by Patrick Kane.
11:24 of 1st period - Stopped by Connor Ingram with a rebound.
11:30 of 1st period - Snap shot by Vladimir Tarasenko.
11:30 of 1st period - Shot Misses the Net.
11:32 of 1st period - Slapshot by Justin Faulk.
11:32 of 1st period - Shot Misses the Net.
11:34 of 1st period - Slapshot by Justin Faulk.
11:34 of 1st period - Stopped by Vitek Vanecek with a rebound.
13:24 of 1st period - Kevin Shattenkirk is hit by Oliver Ekman-Larsson and loses puck.
14:01 of 1st period - Vladimir Tarasenko is hit by Jared McCann.
16:03 of 1st period - Brock Nelson is hit by Oliver Ekman-Larsson and loses puck.
16:22 of 1st period - Icing by Brock Nelson.
16:23 of 1st period - Brock Nelson wins face-off versus Auston Matthews in Detroit Red Wings zone.
17:17 of 1st period - Nathan Bastian is hit by Mika Zibanejad and loses puck.
17:36 of 1st period - Slapshot by Arthur Kaliyev.
17:36 of 1st period - Shot Misses the Net.
17:42 of 1st period - Snap shot by Arthur Kaliyev.
17:42 of 1st period - Shot Misses the Net.
17:58 of 1st period - Wrist shot by Auston Matthews.
17:58 of 1st period - Shot Misses the Net.
18:18 of 1st period - Slapshot by Patrick Kane.
18:18 of 1st period - Stopped by Connor Ingram without a rebound.
18:19 of 1st period - Vladimir Tarasenko wins face-off versus Mika Zibanejad in Philadelphia Flyers zone.
18:24 of 1st period - Slapshot by Justin Faulk.
18:24 of 1st period - Shot Misses the Net.
18:34 of 1st period - Snap shot by Carter Verhaeghe.
18:34 of 1st period - Stopped by Connor Ingram with a rebound.
18:47 of 1st period - Icing by Shayne Gostisbehere.
18:48 of 1st period - Elias Lindholm wins face-off versus Brock Nelson in Detroit Red Wings zone.
18:49 of 1st period - Snap shot by Max Pacioretty.
18:49 of 1st period - Shot Misses the Net.
19:36 of 1st period - Slapshot by Radek Faksa.
19:36 of 1st period - Deflect By Vladimir Tarasenko.
19:36 of 1st period - Shot Blocked by Mika Zibanejad.
19:36 of 1st period - Puck is out of play.
19:37 of 1st period - Radek Faksa wins face-off versus Steven Stamkos in Detroit Red Wings zone.
19:48 of 1st period - Snap shot by Radek Faksa.
19:48 of 1st period - Stopped by Vitek Vanecek without a rebound.
19:49 of 1st period - Steven Stamkos wins face-off versus Tyler Johnson in Detroit Red Wings zone.
19:58 of 1st period - Marcus Johansson is hit by Steven Stamkos and loses puck.
Goals for this period are 1 for Detroit Red Wings vs 0 for Philadelphia Flyers.
Shots for this period are 11 for Detroit Red Wings vs 9 for Philadelphia Flyers.
2nd period
0:01 of 2nd period - Steven Stamkos wins face-off versus Elias Lindholm in neutral zone.
0:03 of 2nd period - Off-side.
0:04 of 2nd period - Elias Lindholm wins face-off versus Steven Stamkos in neutral zone.
0:07 of 2nd period - MacKenzie Weegar is hit by Nathan Bastian and loses puck.
0:38 of 2nd period - Snap shot by Tyler Johnson.
0:38 of 2nd period - Shot Misses the Net.
0:40 of 2nd period - Snap shot by Tyler Johnson.
0:40 of 2nd period - Shot Misses the Net.
1:00 of 2nd period - Snap shot by Radek Faksa.
1:00 of 2nd period - Stopped by Vitek Vanecek with a rebound.
1:02 of 2nd period - Snap shot by Radek Faksa.
1:02 of 2nd period - Shot Misses the Net.
1:20 of 2nd period - Snap shot by Sean Couturier.
1:20 of 2nd period - Shot Hit the Post.
1:22 of 2nd period - Snap shot by Josh Bailey.
1:22 of 2nd period - Shot Misses the Net.
1:24 of 2nd period - Slapshot by Sean Couturier.
1:24 of 2nd period - Stopped by Connor Ingram with a rebound.
1:26 of 2nd period - Slapshot by Arthur Kaliyev.
1:26 of 2nd period - Shot Hit the Post.
1:28 of 2nd period - Slapshot by Michael Del Zotto.
1:28 of 2nd period - Shot Misses the Net.
1:30 of 2nd period - Snap shot by Arthur Kaliyev.
1:30 of 2nd period - Shot Misses the Net.
1:42 of 2nd period - Snap shot by Max Pacioretty.
1:42 of 2nd period - Stopped by Vitek Vanecek with a rebound.
1:46 of 2nd period - Wrist shot by Elias Lindholm.
1:46 of 2nd period - Stopped by Vitek Vanecek without a rebound.
1:47 of 2nd period - Steven Stamkos wins face-off versus Tyler Johnson in Detroit Red Wings zone.
1:53 of 2nd period - Icing by MacKenzie Weegar.
1:54 of 2nd period - Steven Stamkos wins face-off versus Tyler Johnson in Detroit Red Wings zone.
2:26 of 2nd period - Snap shot by Patrick Kane.
2:26 of 2nd period - Stopped by Connor Ingram without a rebound.
2:27 of 2nd period - Matthew Boldy wins face-off versus Elias Lindholm in Philadelphia Flyers zone.
2:28 of 2nd period - Wrist shot by Mika Zibanejad.
2:28 of 2nd period - Shot Misses the Net.
2:34 of 2nd period - Wrist shot by Mika Zibanejad.
2:34 of 2nd period - Stopped by Connor Ingram with a rebound.
2:54 of 2nd period - Icing by Jack McBain.
2:55 of 2nd period - Radek Faksa wins face-off versus Brock Nelson in Philadelphia Flyers zone.
3:00 of 2nd period - Radek Faksa is hit by Kevin Shattenkirk and loses puck.
3:21 of 2nd period - Vladimir Tarasenko is hit by Daniel Sprong.
3:59 of 2nd period - Brock Nelson is hit by Jack McBain.
4:09 of 2nd period - Brock Nelson is hit by Vladimir Tarasenko and loses puck.
4:40 of 2nd period - Slapshot by Justin Faulk.
4:40 of 2nd period - Deflect By Vladimir Tarasenko.
4:40 of 2nd period - Shot Blocked by MacKenzie Weegar.
4:40 of 2nd period - Puck is out of play.
4:41 of 2nd period - Auston Matthews wins face-off versus Patrick Kane in Detroit Red Wings zone.
5:35 of 2nd period - Artem Zub is hit by Philippe Myers and loses puck.
5:58 of 2nd period - Nathan Bastian is hit by Matthew Boldy and loses puck.
6:13 of 2nd period - Slapshot by Arthur Kaliyev.
6:13 of 2nd period - Stopped by Connor Ingram with a rebound.
6:27 of 2nd period - Icing by Michael Del Zotto.
6:28 of 2nd period - Sean Couturier wins face-off versus Auston Matthews in Detroit Red Wings zone.
7:52 of 2nd period - Snap shot by Vladimir Tarasenko.
7:52 of 2nd period - Shot Misses the Net.
7:54 of 2nd period - Slapshot by Jack McBain.
7:54 of 2nd period - Stopped by Vitek Vanecek with a rebound.
7:56 of 2nd period - Slapshot by Justin Faulk.
7:56 of 2nd period - Deflect By Jack McBain.
7:56 of 2nd period - Shot Misses the Net.
7:56 of 2nd period - Puck is out of play.
7:57 of 2nd period - Tyler Johnson wins face-off versus Arthur Kaliyev in Detroit Red Wings zone.
8:23 of 2nd period - Snap shot by Auston Matthews.
8:23 of 2nd period - Stopped by Vitek Vanecek with a rebound.
8:25 of 2nd period - Slapshot by Ben Chiarot.
8:25 of 2nd period - Stopped by Vitek Vanecek without a rebound.
8:26 of 2nd period - Mika Zibanejad wins face-off versus Matt Duchene in Detroit Red Wings zone.
8:33 of 2nd period - Matt Roy is hit by Carter Verhaeghe and loses puck.
8:52 of 2nd period - Steven Stamkos is hit by Max Pacioretty and loses puck.
9:22 of 2nd period - Snap shot by Arthur Kaliyev.
9:22 of 2nd period - Stopped by Connor Ingram without a rebound.
9:23 of 2nd period - Tyler Johnson wins face-off versus Josh Bailey in Philadelphia Flyers zone.
10:00 of 2nd period - Snap shot by Sean Couturier.
10:00 of 2nd period - Stopped by Connor Ingram with a rebound.
10:02 of 2nd period - Slapshot by Michael Del Zotto.
10:02 of 2nd period - Deflect By Josh Bailey.
10:02 of 2nd period - Stopped by Connor Ingram with a rebound.
10:04 of 2nd period - Wrist shot by Arthur Kaliyev.
10:04 of 2nd period - Shot Misses the Net.
10:06 of 2nd period - Wrist shot by Sean Couturier.
10:06 of 2nd period - Deflect By Arthur Kaliyev.
10:06 of 2nd period - Stopped by Connor Ingram with a rebound.
10:18 of 2nd period - Snap shot by Marcus Johansson.
10:18 of 2nd period - Shot Blocked by Sean Couturier.
10:24 of 2nd period - Wrist shot by Arthur Kaliyev.
10:24 of 2nd period - Shot Blocked by Justin Faulk.
10:30 of 2nd period - Snap shot by Sean Couturier.
10:30 of 2nd period - Shot Misses the Net.
10:32 of 2nd period - Slapshot by Shayne Gostisbehere.
10:32 of 2nd period - Shot Blocked by Ben Chiarot.
10:34 of 2nd period - Slapshot by Josh Bailey.
10:34 of 2nd period - Shot Blocked by Tyler Johnson.
10:36 of 2nd period - Wrist shot by Sean Couturier.
10:36 of 2nd period - Stopped by Connor Ingram with a rebound.
10:42 of 2nd period - Wrist shot by Josh Bailey.
10:42 of 2nd period - Shot Blocked by Justin Faulk.
10:44 of 2nd period - Snap shot by Arthur Kaliyev.
10:44 of 2nd period - Stopped by Connor Ingram without a rebound.
10:45 of 2nd period - Steven Stamkos wins face-off versus Auston Matthews in Philadelphia Flyers zone.
10:58 of 2nd period - Snap shot by Auston Matthews.
10:58 of 2nd period - Stopped by Vitek Vanecek with a rebound.
11:14 of 2nd period - Slapshot by Mika Zibanejad.
11:14 of 2nd period - Shot Blocked by Max Pacioretty.
11:16 of 2nd period - Wrist shot by Carter Verhaeghe.
11:16 of 2nd period - Shot Misses the Net.
11:42 of 2nd period - Snap shot by Radek Faksa.
11:42 of 2nd period - Stopped by Vitek Vanecek with a rebound.
11:46 of 2nd period - Slapshot by Vladimir Tarasenko.
11:46 of 2nd period - Shot Blocked by Zach Bogosian.
12:00 of 2nd period - Wrist shot by Patrick Kane.
12:00 of 2nd period - Stopped by Connor Ingram without a rebound.
12:01 of 2nd period - Steven Stamkos wins face-off versus Elias Lindholm in Philadelphia Flyers zone.
12:06 of 2nd period - Snap shot by Patrick Kane.
12:06 of 2nd period - Shot Blocked by Nathan Bastian.
12:08 of 2nd period - Slapshot by MacKenzie Weegar.
12:08 of 2nd period - Shot Blocked by Matt Roy.
12:10 of 2nd period - Slapshot by Kevin Shattenkirk.
12:10 of 2nd period - Shot Misses the Net.
12:12 of 2nd period - Snap shot by Jared McCann.
12:12 of 2nd period - Shot Misses the Net.
12:14 of 2nd period - Backhand shot by Steven Stamkos.
12:14 of 2nd period - Deflect By Patrick Kane.
12:14 of 2nd period - Shot Misses the Net.
12:14 of 2nd period - Puck is out of play.
12:15 of 2nd period - Radek Faksa wins face-off versus Steven Stamkos in Philadelphia Flyers zone.
13:14 of 2nd period - Off-side.
13:15 of 2nd period - Radek Faksa wins face-off versus Jared McCann in neutral zone.
13:45 of 2nd period - Matthew Boldy is hit by Erik Gustafsson and loses puck.
13:52 of 2nd period - Snap shot by Matt Duchene.
13:52 of 2nd period - Shot Blocked by Mika Zibanejad.
13:54 of 2nd period - Slapshot by Bryan Rust.
13:54 of 2nd period - Goal by Bryan Rust - Detroit Red Wings : 1 - Philadelphia Flyers : 1.
13:55 of 2nd period - Patrick Kane wins face-off versus Elias Lindholm in neutral zone.
15:25 of 2nd period - Patrick Kane is hit by Jesper Fast and loses puck.
16:24 of 2nd period - Icing by Max Pacioretty.
16:25 of 2nd period - Auston Matthews wins face-off versus Mika Zibanejad in Philadelphia Flyers zone.
16:25 of 2nd period - Auston Matthews is hit by Michael Del Zotto.
16:34 of 2nd period - Minor Penalty to Carter Verhaeghe for Interference.
16:35 of 2nd period - Mika Zibanejad wins face-off versus Auston Matthews in Detroit Red Wings zone.
18:34 of 2nd period - Penalty to Carter Verhaeghe is over, Carter Verhaeghe is back on ice.
18:59 of 2nd period - Icing by Oliver Ekman-Larsson.
19:00 of 2nd period - Mika Zibanejad wins face-off versus Tyler Johnson in Philadelphia Flyers zone.
19:11 of 2nd period - Wrist shot by Mika Zibanejad.
19:11 of 2nd period - Goal by Mika Zibanejad - Detroit Red Wings : 2 - Philadelphia Flyers : 1.
19:12 of 2nd period - Patrick Kane wins face-off versus Auston Matthews in neutral zone.
19:15 of 2nd period - Snap shot by Jared McCann.
19:15 of 2nd period - Stopped by Connor Ingram without a rebound.
19:16 of 2nd period - Steven Stamkos wins face-off versus Auston Matthews in Philadelphia Flyers zone.
19:17 of 2nd period - Slapshot by Patrick Kane.
19:17 of 2nd period - Stopped by Connor Ingram without a rebound.
19:18 of 2nd period - Steven Stamkos wins face-off versus Auston Matthews in Philadelphia Flyers zone.
19:50 of 2nd period - Snap shot by Jonathan Huberdeau.
19:50 of 2nd period - Stopped by Connor Ingram with a rebound.
19:52 of 2nd period - Snap shot by Brock Nelson.
19:52 of 2nd period - Stopped by Connor Ingram with a rebound.
19:54 of 2nd period - Slapshot by Kevin Shattenkirk.
19:54 of 2nd period - Stopped by Connor Ingram with a rebound.
19:56 of 2nd period - Slapshot by MacKenzie Weegar.
19:56 of 2nd period - Stopped by Connor Ingram with a rebound.
Goals for this period are 1 for Detroit Red Wings vs 1 for Philadelphia Flyers.
Shots for this period are 18 for Detroit Red Wings vs 9 for Philadelphia Flyers.
3rd period
0:01 of 3rd period - Steven Stamkos wins face-off versus Radek Faksa in neutral zone.
0:56 of 3rd period - Slapshot by Brock Nelson.
0:56 of 3rd period - Shot Blocked by Erik Gustafsson.
0:58 of 3rd period - Backhand shot by Philippe Myers.
0:58 of 3rd period - Shot Blocked by Matt Roy.
1:10 of 3rd period - Erik Gustafsson is hit by Arthur Kaliyev and loses puck.
1:37 of 3rd period - Backhand shot by Vladimir Tarasenko.
1:37 of 3rd period - Shot Hit the Post.
1:39 of 3rd period - Slapshot by Radek Faksa.
1:39 of 3rd period - Stopped by Vitek Vanecek with a rebound.
1:48 of 3rd period - Off-side.
1:49 of 3rd period - Elias Lindholm wins face-off versus Mika Zibanejad in neutral zone.
2:11 of 3rd period - Minor Penalty to Kevin Shattenkirk for Tripping.
2:12 of 3rd period - Elias Lindholm wins face-off versus Mika Zibanejad in Detroit Red Wings zone.
2:25 of 3rd period - Wrist shot by Vladimir Tarasenko.
2:25 of 3rd period - Shot Blocked by MacKenzie Weegar.
2:27 of 3rd period - Slapshot by Justin Faulk.
2:27 of 3rd period - Stopped by Vitek Vanecek with a rebound.
2:37 of 3rd period - Auston Matthews is hit by Philippe Myers and loses puck.
3:10 of 3rd period - Icing by Vladimir Tarasenko.
3:11 of 3rd period - Elias Lindholm wins face-off versus Sean Couturier in Philadelphia Flyers zone.
4:11 of 3rd period - Penalty to Kevin Shattenkirk is over, Kevin Shattenkirk is back on ice.
4:55 of 3rd period - Zach Bogosian is hit by Artem Zub and loses puck.
6:00 of 3rd period - Jesper Fast is hit by Philippe Myers and loses puck.
6:16 of 3rd period - Sean Couturier is hit by Auston Matthews and loses puck.
7:01 of 3rd period - Ben Chiarot is hit by Steven Stamkos and loses puck.
7:12 of 3rd period - Radek Faksa is hit by Brock Nelson.
7:32 of 3rd period - Arthur Kaliyev is hit by Radek Faksa and loses puck.
7:39 of 3rd period - Vladimir Tarasenko is hit by Sean Couturier and loses puck.
7:52 of 3rd period - Matt Roy is hit by Zach Bogosian and loses puck.
8:13 of 3rd period - Wrist shot by Jared McCann.
8:13 of 3rd period - Stopped by Connor Ingram without a rebound.
8:14 of 3rd period - Steven Stamkos wins face-off versus Elias Lindholm in Philadelphia Flyers zone.
8:27 of 3rd period - Snap shot by Elias Lindholm.
8:27 of 3rd period - Shot Misses the Net.
8:29 of 3rd period - Slapshot by Ben Chiarot.
8:29 of 3rd period - Shot Misses the Net.
8:31 of 3rd period - Slapshot by Justin Faulk.
8:31 of 3rd period - Shot Misses the Net.
8:57 of 3rd period - Wrist shot by Elias Lindholm.
8:57 of 3rd period - Stopped by Vitek Vanecek with a rebound.
8:59 of 3rd period - Snap shot by Max Pacioretty.
8:59 of 3rd period - Shot Blocked by Shayne Gostisbehere.
9:23 of 3rd period - Wrist shot by Max Pacioretty.
9:23 of 3rd period - Shot Misses the Net.
9:25 of 3rd period - Slapshot by Ben Chiarot.
9:25 of 3rd period - Stopped by Vitek Vanecek without a rebound.
9:26 of 3rd period - Tyler Johnson wins face-off versus Mika Zibanejad in Detroit Red Wings zone.
9:31 of 3rd period - Slapshot by Tyler Johnson.
9:31 of 3rd period - Shot Blocked by Kevin Shattenkirk.
9:33 of 3rd period - Wrist shot by Artem Zub.
9:33 of 3rd period - Shot Blocked by MacKenzie Weegar.
9:51 of 3rd period - MacKenzie Weegar is hit by Artem Zub and loses puck.
10:14 of 3rd period - Wrist shot by Brock Nelson.
10:14 of 3rd period - Shot Blocked by Erik Gustafsson.
10:16 of 3rd period - Snap shot by Jonathan Huberdeau.
10:16 of 3rd period - Deflect By Daniel Sprong.
10:16 of 3rd period - Stopped by Connor Ingram with a rebound.
10:18 of 3rd period - Slapshot by Kevin Shattenkirk.
10:18 of 3rd period - Deflect By Vladimir Tarasenko.
10:18 of 3rd period - Stopped by Connor Ingram with a rebound.
10:20 of 3rd period - Snap shot by Daniel Sprong.
10:20 of 3rd period - Shot Misses the Net.
10:22 of 3rd period - Wrist shot by Daniel Sprong.
10:22 of 3rd period - Stopped by Connor Ingram with a rebound.
10:28 of 3rd period - Minor Penalty to Jack McBain for Tripping.
10:29 of 3rd period - Mika Zibanejad wins face-off versus Radek Faksa in Philadelphia Flyers zone.
10:30 of 3rd period - Snap shot by Carter Verhaeghe.
10:30 of 3rd period - Stopped by Connor Ingram without a rebound.
10:31 of 3rd period - Radek Faksa wins face-off versus Mika Zibanejad in Philadelphia Flyers zone.
10:38 of 3rd period - Mika Zibanejad is hit by Ben Chiarot and loses puck.
11:04 of 3rd period - Icing by Steven Stamkos.
11:05 of 3rd period - Steven Stamkos wins face-off versus Radek Faksa in Detroit Red Wings zone.
11:14 of 3rd period - Matt Roy is hit by Patrick Kane and loses puck.
11:21 of 3rd period - Snap shot by Jared McCann.
11:21 of 3rd period - Deflect By Artem Zub.
11:21 of 3rd period - Shot Misses the Net.
11:21 of 3rd period - Puck is out of play.
11:22 of 3rd period - Elias Lindholm wins face-off versus Mika Zibanejad in Philadelphia Flyers zone.
11:27 of 3rd period - Backhand shot by Matthew Boldy.
11:27 of 3rd period - Shot Misses the Net.
11:29 of 3rd period - Wrist shot by Carter Verhaeghe.
11:29 of 3rd period - Shot Misses the Net.
11:31 of 3rd period - Snap shot by Carter Verhaeghe.
11:31 of 3rd period - Shot Misses the Net.
11:33 of 3rd period - Snap shot by Kevin Shattenkirk.
11:33 of 3rd period - Stopped by Connor Ingram without a rebound.
11:34 of 3rd period - Elias Lindholm wins face-off versus Jared McCann in Philadelphia Flyers zone.
11:34 of 3rd period - Elias Lindholm is hit by Jared McCann.
12:28 of 3rd period - Penalty to Jack McBain is over, Jack McBain is back on ice.
12:53 of 3rd period - Icing by Shayne Gostisbehere.
12:54 of 3rd period - Brock Nelson wins face-off versus Tyler Johnson in Detroit Red Wings zone.
12:54 of 3rd period - Brock Nelson is hit by Tyler Johnson.
13:24 of 3rd period - Wrist shot by Carter Verhaeghe.
13:24 of 3rd period - Stopped by Connor Ingram with a rebound.
13:31 of 3rd period - Off-side.
13:32 of 3rd period - Auston Matthews wins face-off versus Steven Stamkos in neutral zone.
13:37 of 3rd period - Snap shot by Matt Duchene.
13:37 of 3rd period - Goal by Matt Duchene - Detroit Red Wings : 2 - Philadelphia Flyers : 2.
13:38 of 3rd period - Steven Stamkos wins face-off versus Tyler Johnson in neutral zone.
14:54 of 3rd period - Matt Roy is hit by Sean Couturier and loses puck.
15:01 of 3rd period - Wrist shot by Arthur Kaliyev.
15:01 of 3rd period - Shot Misses the Net.
15:31 of 3rd period - Slapshot by Patrick Kane.
15:31 of 3rd period - Stopped by Connor Ingram with a rebound.
16:21 of 3rd period - Wrist shot by Radek Faksa.
16:21 of 3rd period - Shot Misses the Net.
16:23 of 3rd period - Wrist shot by Jack McBain.
16:23 of 3rd period - Shot Misses the Net.
16:57 of 3rd period - Snap shot by Marcus Johansson.
16:57 of 3rd period - Deflect By Auston Matthews.
16:57 of 3rd period - Shot Blocked by Kevin Shattenkirk.
16:57 of 3rd period - Puck is out of play.
16:58 of 3rd period - Auston Matthews wins face-off versus Mika Zibanejad in Detroit Red Wings zone.
16:59 of 3rd period - Slapshot by Matt Duchene.
16:59 of 3rd period - Deflect By Auston Matthews.
16:59 of 3rd period - Shot Blocked by Carter Verhaeghe.
16:59 of 3rd period - Puck is out of play.
17:00 of 3rd period - Auston Matthews wins face-off versus Brock Nelson in Detroit Red Wings zone.
17:09 of 3rd period - Slapshot by Auston Matthews.
17:09 of 3rd period - Shot Blocked by Jonathan Huberdeau.
17:11 of 3rd period - Slapshot by Matt Duchene.
17:11 of 3rd period - Deflect By Bryan Rust.
17:11 of 3rd period - Shot Blocked by MacKenzie Weegar.
17:11 of 3rd period - Puck is out of play.
17:12 of 3rd period - Tyler Johnson wins face-off versus Brock Nelson in Detroit Red Wings zone.
17:37 of 3rd period - Wrist shot by Mika Zibanejad.
17:37 of 3rd period - Stopped by Connor Ingram with a rebound.
17:39 of 3rd period - Slapshot by Zach Bogosian.
17:39 of 3rd period - Shot Misses the Net.
17:51 of 3rd period - Snap shot by Mika Zibanejad.
17:51 of 3rd period - Shot Misses the Net.
18:14 of 3rd period - Snap shot by Tyler Johnson.
18:14 of 3rd period - Stopped by Vitek Vanecek with a rebound.
18:45 of 3rd period - Off-side.
18:46 of 3rd period - Radek Faksa wins face-off versus Carter Verhaeghe in neutral zone.
19:11 of 3rd period - Snap shot by Matt Duchene.
19:11 of 3rd period - Stopped by Vitek Vanecek with a rebound.
19:17 of 3rd period - Slapshot by Auston Matthews.
19:17 of 3rd period - Stopped by Vitek Vanecek without a rebound.
19:18 of 3rd period - Mika Zibanejad wins face-off versus Jack McBain in Detroit Red Wings zone.
19:20 of 3rd period - Minor Penalty to Kevin Shattenkirk for Hooking.
19:21 of 3rd period - Auston Matthews wins face-off versus Sean Couturier in Detroit Red Wings zone.
Goals for this period are 0 for Detroit Red Wings vs 1 for Philadelphia Flyers.
Shots for this period are 9 for Detroit Red Wings vs 8 for Philadelphia Flyers.
Overtime #1
0:01 of 1st overtime period - Mika Zibanejad wins face-off versus Auston Matthews in neutral zone.
0:37 of 1st overtime period - Slapshot by Elias Lindholm.
0:37 of 1st overtime period - Shot Misses the Net.
1:17 of 1st overtime period - Brock Nelson is hit by Elias Lindholm and loses puck.
1:20 of 1st overtime period - Penalty to Kevin Shattenkirk is over, Kevin Shattenkirk is back on ice.
2:05 of 1st overtime period - Slapshot by Ben Chiarot.
2:05 of 1st overtime period - Shot Misses the Net.
2:17 of 1st overtime period - Snap shot by Matthew Boldy.
2:17 of 1st overtime period - Stopped by Connor Ingram with a rebound.
2:27 of 1st overtime period - Wrist shot by Marcus Johansson.
2:27 of 1st overtime period - Shot Blocked by Carter Verhaeghe.
2:31 of 1st overtime period - Slapshot by Marcus Johansson.
2:31 of 1st overtime period - Shot Misses the Net.
2:33 of 1st overtime period - Snap shot by Justin Faulk.
2:33 of 1st overtime period - Deflect By Marcus Johansson.
2:33 of 1st overtime period - Stopped by Vitek Vanecek without a rebound.
2:34 of 1st overtime period - Mika Zibanejad wins face-off versus Auston Matthews in Detroit Red Wings zone.
2:34 of 1st overtime period - Mika Zibanejad is hit by Matt Duchene.
4:26 of 1st overtime period - Snap shot by Steven Stamkos.
4:26 of 1st overtime period - Deflect By Matthew Boldy.
4:26 of 1st overtime period - Stopped by Connor Ingram with a rebound.
Goals for this period are 0 for Detroit Red Wings vs 0 for Philadelphia Flyers.
Shots for this period are 2 for Detroit Red Wings vs 1 for Philadelphia Flyers.
ShootOut
5:00 of 1st overtime period - Round #1.
5:00 of 1st overtime period - Detroit Red Wings, Mika Zibanejad.
5:00 of 1st overtime period - Deke by Mika Zibanejad.
5:00 of 1st overtime period - Stopped by Connor Ingram.
5:00 of 1st overtime period - Philadelphia Flyers, Auston Matthews.
5:00 of 1st overtime period - Snap shot by Auston Matthews.
5:00 of 1st overtime period - Stopped by Vitek Vanecek.
5:00 of 1st overtime period - Round #2.
5:00 of 1st overtime period - Detroit Red Wings, Steven Stamkos.
5:00 of 1st overtime period - Deke by Steven Stamkos.
5:00 of 1st overtime period - Stopped by Connor Ingram.
5:00 of 1st overtime period - Philadelphia Flyers, Matt Duchene.
5:00 of 1st overtime period - Deke by Matt Duchene.
5:00 of 1st overtime period - Goal by Matt Duchene.
5:00 of 1st overtime period - Round #3.
5:00 of 1st overtime period - Detroit Red Wings, Matthew Boldy.
5:00 of 1st overtime period - Snap shot by Matthew Boldy.
5:00 of 1st overtime period - Shot Misses the Net.
Back to the Top